 Dungeon Crawl Stone Soup version 0.28-a0-1493-g08698888e4 (webtiles) character file.

Game seed: 9812207794913021034

2030 horus123 the Thaumaturge (level 9, -1/45 HPs)
             Began as a Deep Elf Conjurer on Jan 12, 2022.
             Was an Initiate of Vehumet.
             Slain by a six-headed hydra (15 damage)
             ... on level 7 of the Dungeon.
             The game lasted 00:20:15 (7808 turns).

horus123 the Thaumaturge (Deep Elf Conjurer)        Turns: 7808, Time: 00:20:15

Health: -1/45      AC:  6    Str:  4    XL:     9   Next: 3%
Magic:  14/25      EV: 12    Int: 32    God:    Vehumet [......]
Gold:   293        SH:  0    Dex: 13    Spells: 16/28 levels left

rFire   + . .      SeeInvis .   r - +11 quarterstaff of Wips {vorpal, rF+ Int+4}
rCold   + + .      Faith    .   (shield currently unavailable)
rNeg    . . .      Spirit   .   a - +0 robe
rPois   .          Reflect  .   (no helmet)
rElec   .          Harm     .   (no cloak)
rCorr   .          Rampage  .   c - +2 pair of gloves "Vavedudiaf" {rC++}
Will    +....                   t - +0 pair of boots
Stlth   ++........              (no amulet)
HPRegen 0.15/turn               l - ring of willpower
MPRegen 0.19/turn               (no ring)

@: studying Slings
A: no striking features
a: Renounce Religion


You were on level 7 of the Dungeon.
You worshipped Vehumet.
Vehumet was noncommittal.
You visited 2 branches of the dungeon, and saw 8 of its levels.

You collected 293 gold pieces.

Inventory:

Hand Weapons
 i - the +6 longbow "Embalmer" {freeze, rElec rPois rC+}
   (You found it on level 4 of the Dungeon)

   Any ammunition fired from it freezes those it strikes, dealing additional
   cold damage.
   It can also slow down cold-blooded creatures.
   rC:        It protects you from cold.
   rElec:     It insulates you from electricity.
   rPois:     It protects you from poison.
 r - the +11 quarterstaff of Wips (weapon) {vorpal, rF+ Int+4}
   (You found it on level 3 of the Dungeon)

   It inflicts extra damage upon your enemies.
   Int:       It affects your intelligence (+4).
   rF:        It protects you from fire.
Missiles
 d - a throwing net
Armour
 a - a +0 robe (worn)
 c - the +2 pair of gloves "Vavedudiaf" (worn) {rC++}
   (You acquired it on level 3 of the Dungeon)

   rC:        It greatly protects you from cold.
 t - a +0 pair of boots (worn)
Jewellery
 l - a ring of willpower (left hand)
Wands
 j - a wand of iceblast (3)
Scrolls
 h - 2 scrolls of enchant weapon
 o - a scroll of fog
 v - 2 scrolls of identify
 w - a scroll of brand weapon {unknown}
Potions
 b - 2 potions of flight
 e - 2 potions of heal wounds
 f - a potion of lignification {unknown}
 g - a potion of invisibility
 k - 2 potions of haste {unknown}
 m - a potion of magic {unknown}
 n - 4 potions of curing {unknown}
 p - a potion of mutation {unknown}
 s - a potion of berserk rage {unknown}
 u - a potion of ambrosia {unknown}


   Skills:
 - Level 2.4 Dodging
 - Level 2.4 Stealth
 - Level 10.3 Spellcasting
 - Level 8.4 Conjurations
 + Level 6.8 Translocations


You had 16 spell levels left.
You knew the following spells:

 Your Spells              Type           Power      Damage    Failure   Level
a - Magic Dart            Conj           100%       1d8       1%          1
b - Searing Ray           Conj           100%       2d8       1%          2
c - Iskenderun's Mystic   Conj/Tloc      60%        2d13      1%          4
d - Manifold Assault      Tloc           57%        N/A       4%          5

Your spell library contained the following spells:

 Spells                   Type           Power      Damage    Failure   Level
 Blink                    Tloc           100%       N/A       1%          2
 Dazzling Flash           Conj/Hex       86%        N/A       1%          3
 Sting                    Tmut/Pois      64%        1d6       3%          1
 Ensorcelled Hibernation  Hex/Ice        32%        N/A       4%          2
 Poisonous Vapours        Pois/Air       32%        N/A       4%          2
 Fulminant Prism          Conj/Hex       21%        3d13      5%          4
 Ozocubu's Armour         Ice            16%        N/A       9%          3
 Spider Form              Tmut/Pois      16%        N/A       9%          3
 Dispersal                Tloc           28%        N/A       28%         6
 Anguish                  Hex/Necr       8%         N/A       30%         4
 Olgreb's Toxic Radiance  Pois           16%        N/A       30%         4
 Ozocubu's Refrigeration  Ice            8%         4d6       100%        7
 Storm Form               Tmut/Air       8%         N/A       100%        7
 Disjunction              Tloc           28%        N/A       100%        8


Dungeon Overview and Level Annotations

Branches:
Dungeon (7/15)             Temple (1/1) D:5

Altars:
Ashenzari
Cheibriados
Fedhas
Gozag
Makhleb
Okawaru
Qazlal
Ru
Vehumet
Wu Jian
Yredelemnul


Message History

There is a stone staircase leading up, spattered with blood here.
Casting: Iskenderun's Mystic Blast (dangerous; 1% risk of failure)
Confirm with . or Enter, or press ? or * to list all spells.
You erupt in a blast of force!
The mystic blast hits the six-headed hydra.
The six-headed hydra is lightly wounded.
The six-headed hydra is knocked back by the mystic blast.
The six-headed hydra slams into the rock wall!
The six-headed hydra is lightly wounded.
The mystic blast hits the killer bee zombie!!
The killer bee zombie is severely damaged.
The killer bee zombie is knocked back by the mystic blast.
The killer bee zombie collides with the six-headed hydra!
The six-headed hydra is lightly wounded.
The killer bee zombie is almost destroyed.
Casting: Iskenderun's Mystic Blast (dangerous; 1% risk of failure)
Confirm with . or Enter, or press ? or * to list all spells.
You erupt in a blast of force!
The mystic blast hits the six-headed hydra!!
The six-headed hydra is heavily wounded.
The six-headed hydra is knocked back by the mystic blast.
The six-headed hydra slams into the rock wall!
The six-headed hydra is heavily wounded.
The mystic blast hits the killer bee zombie.
You destroy the killer bee zombie!
Vehumet accepts your kill.
Casting: Iskenderun's Mystic Blast (dangerous; 1% risk of failure)
Confirm with . or Enter, or press ? or * to list all spells.
Aiming: Searing Ray (safe; 1% risk of failure)
Press: ? - help, Shift-Dir - straight line, f - six-headed hydra
Aim: a six-headed hydra (heavily wounded, 94% to hit)
The searing ray hits the six-headed hydra!
The six-headed hydra is severely wounded. (Press . to maintain the ray.)
The searing ray hits the six-headed hydra!
The six-headed hydra is almost dead.
The six-headed hydra bites you! x2
The six-headed hydra closely misses you.
The six-headed hydra bites you. x2; The six-headed hydra bites you!
You die...

.# #######.###.##.# #$# #...#
.# #.......##...#.# #.# #...# #
(#
#.####..#.###..#####.###...#..
.# #.# #...## ##..............
. .# #.# ##>##
##.###..###..###. .###.## #.#
#.....D###...... ......# ..#
##.###........#.. ####..# .#..
##D## ##.###.(.#.# #..#.#.#.
#@.# #.# #...#.. ##..## #
#....### #.# #...... ##...#
.#.#..# #..###..###. ##....##
#.##># #.##........
.......###.##.# #.##.##.)...
##....#.##.##.# #.##.##.)...
##.#......##.# #.##.##)##..
#.#.#.##....########.##.##.#...
#....................##.##.#..#


You could see a six-headed hydra.

Vanquished Creatures
  A wyvern (D:6)
  A hornet zombie (D:6)
  3 ice beasts
  A sky beast (D:6)
  2 orc warriors
  3 ogres (D:6)
  A kobold brigand (D:7)
  A bullfrog (D:6)
  A gnoll sergeant (D:5)
  A scorpion (D:6)
  A howler monkey (D:6)
  2 hounds
  A gnoll shaman (D:5)
  2 jellies (D:6)
  Ijyb (D:5)
  Jessica (D:3)
  3 iguanas
  Natasha (thrice) (D:2)
  An orc wizard (D:5)
  A killer bee zombie (D:7)
  A hound skeleton (D:4)
  7 gnolls (D:5)
  2 howler monkey skeletons
  7 adders
  A shadow imp (D:6)
  2 white imps (D:6)
  2 worms
  7 dart slugs
  10 orcs
  7 ball pythons
  9 bats
  7 endoplasms
  5 giant cockroaches
  7 goblins
  4 hobgoblins
  5 jackals
  4 quokkas
  A frilled lizard (D:3)
  9 kobolds
  5 rats (D:1)
133 creatures vanquished.

Notes
Turn   | Place    | Note
-------+----------+-------------------------------------------
     0 | D:1      | horus123 the Deep Elf Conjurer began the quest for the Orb.
     0 | D:1      | Reached XP level 1. HP: 10/10 MP: 6/6
   114 | D:1      | Reached skill level 4 in Spellcasting
   114 | D:1      | Reached XP level 2. HP: 14/15 MP: 3/9
   117 | D:1      | Learned a level 2 spell: Searing Ray
   555 | D:1      | Reached skill level 5 in Conjurations
   584 | D:1      | Reached XP level 3. HP: 19/19 MP: 8/10
  1336 | D:2      | Reached XP level 4. HP: 13/24 MP: 2/12
  1545 | D:2      | Learned a level 4 spell: Iskenderun's Mystic Blast
  1673 | D:2      | Reached skill level 1 in Translocations
  1822 | D:2      | Noticed Natasha
  1826 | D:2      | Killed Natasha
  1827 | D:2      | Reached XP level 5. HP: 28/28 MP: 6/13
  1944 | D:2      | Noticed Natasha
  1947 | D:2      | Killed Natasha
  2244 | D:2      | Noticed Natasha
  2248 | D:2      | Killed Natasha
  2542 | D:3      | Noticed Jessica
  2545 | D:3      | Killed Jessica
  2552 | D:3      | Identified the +11 quarterstaff of Wips {vorpal, rF+ Int+4}
  2708 | D:3      | Found a faded altar of an unknown god.
  2816 | D:3      | Identified a scroll of acquirement
  2816 | D:3      | Acquired the +2 pair of gloves "Vavedudiaf" {rC++}
  3445 | D:4      | Identified the +0 pair of gloves of the Harp {rC+}
  3496 | D:4      | Reached XP level 6. HP: 31/32 MP: 8/14
  3497 | D:4      | Identified the +6 longbow "Embalmer" {freeze, rElec rPois
                  | rC+}
  3870 | D:4      | Reached skill level 5 in Translocations
  4080 | D:5      | Entered Level 5 of the Dungeon
  4115 | D:5      | Found a staircase to the Ecumenical Temple.
  4131 | Temple   | Entered the Ecumenical Temple
  4174 | Temple   | Became a worshipper of Vehumet
  4351 | D:5      | Found an ornate altar of the Wu Jian Council.
  4488 | D:5      | Reached skill level 5 in Spellcasting
  4866 | D:5      | Noticed Ijyb
  4871 | D:5      | Killed Ijyb
  5232 | D:5      | Noticed an orc warrior
  5239 | D:5      | Killed an orc warrior
  5240 | D:5      | Reached skill level 6 in Spellcasting
  5240 | D:5      | Reached XP level 7. HP: 36/36 MP: 5/18
  5960 | D:6      | Reached XP level 8. HP: 41/41 MP: 9/19
  6090 | D:6      | Reached skill level 7 in Spellcasting
  6504 | D:6      | Reached skill level 8 in Spellcasting
  6795 | D:6      | Reached skill level 9 in Spellcasting
  6933 | D:6      | Learned a level 5 spell: Manifold Assault
  7124 | D:6      | Reached skill level 10 in Spellcasting
  7462 | D:7      | Noticed a six-headed hydra
  7488 | D:6      | Reached XP level 9. HP: 17/45 MP: 14/25
  7808 | D:7      | Slain by a six-headed hydra

Illustrated notes

Levels and vault maps discovered:
D:1:      dpeg_arrival_shelter, layout_basic, minmay_statues_item,
          minmay_distorted
D:2:      layout_basic, grunt_ministairs_1, minmay_box_of_dots, uniq_natasha
D:3:      layout_basic, dreamdust_ecumenical_altar_angels_and_demons,
          hangedman_glass_teeth, corexii_corridor_pit, serial_bayou_pond_e,
          uniq_jessica
D:4:      layout_basic, hangedman_feature_mirror
D:5:      layout_basic, nicolae_wu_jian_glorious_leap, minmay_temple_entry_grid,
          nrook_mini_backslash, minmay_manual_moon, uniq_ijyb
D:6:      layout_rooms, kennysheep_generic_room_10
D:7:      hangedman_cross_stitches, layout_loops_ring, minitemple
Temple:   eino_wide_crystal_templ

Skill      XL: |  1  2  3  4  5  6  7  8 |
---------------+-------------------------+-----
Spellcasting   | 4 6 10 | 10.3
Conjurations   | 5 6 8 |  8.4
Translocations | 2 4 5 6 |  6.8
Dodging        | |  2.4
Stealth        | |  2.4

Action                   |  1- 3 |  4- 6 |  7- 9 || total
-------------------------+-------+-------+-------++-------
Melee: Quarterstaff      |       |     1 |     4 ||     5
 Cast: Magic Dart        |    72 |    99 |    63 ||   234
       Searing Ray       |     1 |    14 |    22 ||    37
       Iskenderun's Myst |       |     1 |    13 ||    14
  Use: Scroll            |     1 |     9 |     2 ||    12
       Potion            |       |       |     1 ||     1
Armor: Robe              |       |     9 |    15 ||    24
Dodge: Dodged            |     6 |    11 |    22 ||    39

Table legend: (Time is in decaauts)
 A = Elapsed time spent in this place.
 B = Non-inter-level travel time spent in this place.
 C = Inter-level travel time spent in this place.
 D = Time resting spent in this place.
 E = Time spent auto-exploring this place.
 F = Levels seen in this place.
 G = Mean time per level.
                   A        B        C        D        E       F      G
               +--------+--------+--------+--------+--------+-----+--------+
         Total |   7812 |   7665 |    147 |   1428 |   5341 |   8 |  976.5 |
       Dungeon |   7747 |   7600 |    147 |   1428 |   5315 |   7 | 1106.7 |
        Temple |     65 |     65 |      0 |      0 |     26 |   1 |   65.0 |
               +--------+--------+--------+--------+--------+-----+--------+

Top non-repeatable levels by time:
     D:6: 1734 daAuts
     D:5: 1479 daAuts
     D:1: 1289 daAuts
     D:2: 1252 daAuts
     D:4: 1029 daAuts
     D:3: 712 daAuts
     D:7: 250 daAuts
  Temple: 65 daAuts
